MID
BINGHAMTON METS @ WISCONSIN TIMBER RATTLERS
06/05/2045
 
TOP OF THE 1ST
Binghamton Mets batting - Pitching for Wisconsin Timber Rattlers : RHP Eddie Becerra
Pitching: RHP Eddie Becerra
Batting: RHB Ben Herman 0-0: Ball
1-0: Called Strike
1-1: Called Strike
1-2: Strikes out swinging
Batting: LHB Bayesa Mundhir 0-0: Fly out, F8 (Flyball, 8LD, EV 90.6 MPH)
Batting: LHB Adam Barry 0-0: Ball
1-0: Ground out 3-1 (Groundball, 13, EV 85.0 MPH)
Top of the 1st over - 0 runs, 0 hits, 0 errors, 0 left on base; Binghamton 0 - Wisconsin 0
BOTTOM OF THE 1ST
Wisconsin Timber Rattlers batting - Pitching for Binghamton Mets : RHP Bryan Dorne
Pitching: RHP Bryan Dorne
Batting: RHB Carlos Salazar 0-0: Foul Ball, location: 2F
0-1: Swinging Strike
0-2: Ball
1-2: Reached via error on a dropped throw from 1B, E1 (Groundball, 34S, EV 89.4 MPH)
Batting: RHB Joe LaDue 0-0: Ball
Carlos Salazar steals 2nd base (no throw)
1-0: SINGLE (Line Drive, 9S, EV 85.6 MPH)
Carlos Salazar to third
Batting: LHB Gabe Harvey 0-0: Ball
1-0: Called Strike
1-1: Called Strike
1-2: Strikes out swinging
Batting: RHB Nick Garland 0-0: Called Strike
0-1: Swinging Strike
0-2: Ball
1-2: Ball
2-2: Fly out, F9 (Line Drive, 9, EV 103.1 MPH)
Runner from 3rd tags up, SCORES, no throw by RF
Batting: RHB Brian Landrum 0-0: Called Strike
Joe LaDue steals 2nd base (no throw)
0-1: 2-RUN HOME RUN (Line Drive, 7D, EV 96.9 MPH), Distance : 380 ft
Batting: RHB Ben Alspach 0-0: Called Strike
0-1: Fly out, F8 (Flyball, 8LS, EV 83.8 MPH)
Bottom of the 1st over - 3 runs, 2 hits, 1 error, 0 left on base; Binghamton 0 - Wisconsin 3
TOP OF THE 2ND
Binghamton Mets batting - Pitching for Wisconsin Timber Rattlers : RHP Eddie Becerra
Batting: SHB Julio Ramos 0-0: Ball
1-0: Ball
2-0: Ball
3-0: Called Strike
3-1: Called Strike
3-2: Strikes out swinging
Batting: RHB Gang-sheng Chew 0-0: Ball
1-0: Called Strike
1-1: Ball
2-1: Fly out, F3 (Popup, 3, EV 60.6 MPH)
Batting: RHB David Stayton 0-0: Ball
1-0: Foul Ball, location: 2F
1-1: Swinging Strike
1-2: Strikes out swinging
Top of the 2nd over - 0 runs, 0 hits, 0 errors, 0 left on base; Binghamton 0 - Wisconsin 3
BOTTOM OF THE 2ND
Wisconsin Timber Rattlers batting - Pitching for Binghamton Mets : RHP Bryan Dorne
Batting: RHB Jeff Cornett 0-0: DOUBLE (Groundball, 5L, EV 101.9 MPH)
Batting: RHB Tyler Badillo 0-0: Ground out 5-3 (Groundball, 56, EV 78.8 MPH)
Batting: RHB Jamie Youngs 0-0: Ball
Jeff Cornett steals 3rd, throwing error, E2
Jeff Cornett scores
1-0: Called Strike
1-1: Foul Ball, location: 2F
1-2: Foul Ball, location: 2F
1-2: TRIPLE (Flyball, 78XD, EV 105.6 MPH)
Batting: RHB Carlos Salazar 0-0: Ball
1-0: Ground out 5-3 (Groundball, 5, EV 83.8 MPH)
Batting: RHB Joe LaDue 0-0: SINGLE (Groundball, 34D, EV 99.4 MPH)
Jamie Youngs scores
Batting: LHB Gabe Harvey 0-0: Ball
1-0: Ball
Joe LaDue steals 2nd base (no throw)
2-0: Ball
3-0: Called Strike
3-1: SINGLE (Flyball, 5D, EV 91.2 MPH) - OUT at second base trying to stretch hit.
Joe LaDue scores
Bottom of the 2nd over - 3 runs, 4 hits, 1 error, 0 left on base; Binghamton 0 - Wisconsin 6
TOP OF THE 3RD
Binghamton Mets batting - Pitching for Wisconsin Timber Rattlers : RHP Eddie Becerra
Batting: LHB Mike Condon 0-0: Ball
1-0: Ball
2-0: Called Strike
2-1: Ball
3-1: DOUBLE (Flyball, 8LXD, EV 98.1 MPH)
Batting: SHB Jerry Burrows 0-0: Called Strike
0-1: Called Strike
0-2: Foul Ball, location: 2F
0-2: Foul Ball, location: 2F
0-2: Ground out U3 (Groundball, 34, EV 95.6 MPH)
Mike Condon to third
Batting: RHB Tetsuhiro Taki 0-0: Called Strike
0-1: TRIPLE (Flyball, 78XD, EV 96.2 MPH)
Mike Condon scores
Batting: RHB Ben Herman 0-0: Called Strike
0-1: Foul Ball, location: 2F
0-2: Ball
1-2: SINGLE (Groundball, 6D, EV 102.5 MPH)
Tetsuhiro Taki scores
Batting: LHB Bayesa Mundhir 0-0: SINGLE (Groundball, 6D, EV 95.6 MPH)
Ben Herman to second
Batting: LHB Adam Barry 0-0: Ball
1-0: Called Strike
1-1: Fielders Choice at 2nd, 4-6 (Groundball, 4M, EV 93.1 MPH)
Ben Herman to third
Batting: SHB Julio Ramos 0-0: Ball
1-0: Called Strike
1-1: Swinging Strike
1-2: Ball
2-2: Foul Ball, location: 2F
2-2: Strikes out looking
Top of the 3rd over - 2 runs, 4 hits, 0 errors, 2 left on base; Binghamton 2 - Wisconsin 6
BOTTOM OF THE 3RD
Wisconsin Timber Rattlers batting - Pitching for Binghamton Mets : RHP Bryan Dorne
Batting: RHB Nick Garland 0-0: Swinging Strike
0-1: Ground out 5-3 (Groundball, 56S, EV 74.4 MPH)
Batting: RHB Brian Landrum 0-0: Ball
1-0: Called Strike
1-1: Foul Ball, location: 2F
1-2: Foul Ball, location: 2F
1-2: Strikes out swinging
Batting: RHB Ben Alspach 0-0: Called Strike
0-1: Swinging Strike
0-2: Ball
1-2: Ball
2-2: Ball
3-2: Strikes out swinging
Bottom of the 3rd over - 0 runs, 0 hits, 0 errors, 0 left on base; Binghamton 2 - Wisconsin 6
TOP OF THE 4TH
Binghamton Mets batting - Pitching for Wisconsin Timber Rattlers : RHP Eddie Becerra
Batting: RHB Gang-sheng Chew 0-0: Ball
1-0: Foul Ball, location: 2F
1-1: Fly out, F8 (Flyball, 78D, EV 101.2 MPH)
Batting: RHB David Stayton 0-0: Called Strike
0-1: Ball
1-1: Foul Ball, location: 2F
1-2: Foul Ball, location: 2F
1-2: Foul Ball, location: 2F
1-2: Ground out U3 (Groundball, 34, EV 89.4 MPH)
Batting: LHB Mike Condon 0-0: Ball
1-0: Ball
2-0: Foul Ball, location: 2F
2-1: Foul Ball, location: 2F
2-2: Strikes out swinging
Top of the 4th over - 0 runs, 0 hits, 0 errors, 0 left on base; Binghamton 2 - Wisconsin 6
BOTTOM OF THE 4TH
Wisconsin Timber Rattlers batting - Pitching for Binghamton Mets : RHP Bryan Dorne
Batting: RHB Jeff Cornett 0-0: Swinging Strike
0-1: Foul Ball, location: 2F
0-2: Ball
1-2: Strikes out swinging
Batting: RHB Tyler Badillo 0-0: Ground out 6-3 (Groundball, 6, EV 91.2 MPH)
Batting: RHB Jamie Youngs 0-0: Ball
1-0: Foul Ball, location: 2F
1-1: Ball
2-1: Ball
3-1: Base on Balls
Pitching: LHP Matt Allert
Batting: RHB Carlos Salazar 0-0: Ball
1-0: Called Strike
1-1: DOUBLE (Line Drive, 78D, EV 102.5 MPH)
Jamie Youngs to third
Batting: RHB Joe LaDue 0-0: Ball
Passed Ball!
Jamie Youngs scores
Carlos Salazar to third
1-0: Foul Ball, location: 2F
1-1: Ball
2-1: Called Strike
2-2: SINGLE (Flyball, 6D, EV 86.2 MPH)
Carlos Salazar scores
Batting: LHB Gabe Harvey 0-0: Ball
1-0: Ball
2-0: Ball
3-0: Called Strike
3-1: Foul Ball, location: 2F
3-2: Foul Ball, location: 2F
3-2: Strikes out swinging
Bottom of the 4th over - 2 runs, 2 hits, 0 errors, 1 left on base; Binghamton 2 - Wisconsin 8
TOP OF THE 5TH
Binghamton Mets batting - Pitching for Wisconsin Timber Rattlers : RHP Eddie Becerra
Batting: SHB Jerry Burrows 0-0: Called Strike
0-1: Swinging Strike
0-2: Ball
1-2: Ball
2-2: Fly out, F4 (Flyball, 3D, EV 88.1 MPH)
Batting: RHB Tetsuhiro Taki 0-0: Ball
1-0: Foul Ball, location: 2F
1-1: Ball
2-1: Ball
3-1: Base on Balls
Batting: RHB Ben Herman 0-0: Ball
1-0: Ball
2-0: Foul Ball, location: 2F
2-1: Fielders Choice at 2nd, 4-6 (Groundball, 4S, EV 95.0 MPH)
Batting: LHB Bayesa Mundhir 0-0: Foul Ball, location: 2F
0-1: Called Strike
Ben Herman is caught stealing 2nd base 2-6
Top of the 5th over - 0 runs, 0 hits, 0 errors, 0 left on base; Binghamton 2 - Wisconsin 8
BOTTOM OF THE 5TH
Wisconsin Timber Rattlers batting - Pitching for Binghamton Mets : LHP Matt Allert
Batting: RHB Nick Garland 0-0: Ground out 6-3 (Groundball, 6, EV 76.9 MPH)
Batting: RHB Brian Landrum 0-0: Ball
1-0: Ground out 4-3 (Groundball, 34D, EV 85.6 MPH)
Batting: RHB Ben Alspach 0-0: SINGLE (Line Drive, 8RS, EV 89.4 MPH)
Batting: RHB Jeff Cornett 0-0: Ball
1-0: Ball
Ben Alspach steals 2nd base
2-0: Swinging Strike
2-1: Ball
Passed Ball!
Ben Alspach to third
3-1: Fly out, F8 (Flyball, 8RD, EV 100.6 MPH)
Bottom of the 5th over - 0 runs, 1 hit, 0 errors, 1 left on base; Binghamton 2 - Wisconsin 8
TOP OF THE 6TH
Binghamton Mets batting - Pitching for Wisconsin Timber Rattlers : RHP Eddie Becerra
Batting: LHB Bayesa Mundhir 0-0: Foul Ball, location: 2F
0-1: Hit by Pitch
Batting: LHB Adam Barry 0-0: Fly out, F7 (Flyball, 78S, EV 88.8 MPH)
Batting: SHB Julio Ramos 0-0: SINGLE (Groundball, 15S, EV 65.6 MPH) (infield hit)
Bayesa Mundhir to second
Batting: RHB Gang-sheng Chew 0-0: Ball
1-0: Called Strike
1-1: Swinging Strike
1-2: Ball
2-2: Strikes out swinging
Pitching: LHP Willis Escobedo
Batting: RHB David Stayton 0-0: Ball
1-0: Ball
2-0: Foul Ball, location: 2F
2-1: Swinging Strike
2-2: Strikes out swinging
Top of the 6th over - 0 runs, 1 hit, 0 errors, 2 left on base; Binghamton 2 - Wisconsin 8
BOTTOM OF THE 6TH
Wisconsin Timber Rattlers batting - Pitching for Binghamton Mets : LHP Matt Allert
Batting: RHB Tyler Badillo 0-0: Ball
1-0: Ball
2-0: Ball
3-0: Foul Ball, location: 2F
3-1: Called Strike
3-2: Foul Ball, location: 2F
3-2: Ground out 4-3 (Groundball, 4, EV 88.8 MPH)
Batting: RHB Jamie Youngs 0-0: Called Strike
0-1: Called Strike
0-2: Ball
1-2: Ball
2-2: Ball
3-2: Base on Balls
Pitching: RHP Iwao Machida
Batting: RHB Carlos Salazar 0-0: 2-RUN HOME RUN (Flyball, 7D, EV 93.1 MPH), Distance : 357 ft
Batting: RHB Joe LaDue 0-0: Foul Ball, location: 2F
0-1: Called Strike
0-2: Ball
1-2: Strikes out swinging
Batting: LHB Gabe Harvey 0-0: Ball
1-0: Swinging Strike
1-1: Fly out, F2 (Popup, 2R, EV 91.2 MPH)
Bottom of the 6th over - 2 runs, 1 hit, 0 errors, 0 left on base; Binghamton 2 - Wisconsin 10
TOP OF THE 7TH
Binghamton Mets batting - Pitching for Wisconsin Timber Rattlers : LHP Willis Escobedo
Batting: LHB Mike Condon 0-0: Ball
1-0: Called Strike
1-1: Ball
2-1: Ball
3-1: Base on Balls
Batting: SHB Jerry Burrows 0-0: Ball
1-0: Ball
2-0: Swinging Strike
2-1: Ball
3-1: DOUBLE (Groundball, 5L, EV 105.6 MPH)
Mike Condon to third
Runner from 3rd tries for Home, SAFE, throw by LF to home
Batting: RHB Tetsuhiro Taki 0-0: Ball
1-0: Ground out 6-3 (Groundball, 6, EV 81.9 MPH)
Batting: RHB Ben Herman 0-0: Ball
1-0: Ball
2-0: Fly out, F8 (Line Drive, 8RM, EV 111.2 MPH)
Batting: RHB Bobby Mabrey 0-0: Ball
1-0: Foul Ball, location: 2F
1-1: Ball
2-1: Ball
3-1: Base on Balls
Pinch Hitting: RHB Pete Isley 0-0: Ball
1-0: DOUBLE (Groundball, 5L, EV 106.9 MPH)
Jerry Burrows scores
Bobby Mabrey to third
Batting: SHB Julio Ramos 0-0: Swinging Strike
0-1: Foul Ball, location: 2F
0-2: Strikes out swinging
Top of the 7th over - 2 runs, 2 hits, 0 errors, 2 left on base; Binghamton 4 - Wisconsin 10
BOTTOM OF THE 7TH
Wisconsin Timber Rattlers batting - Pitching for Binghamton Mets : RHP Iwao Machida
Now at 1B: Pete Isley
Batting: RHB Nick Garland 0-0: Foul Ball, location: 2F
0-1: Ground out 3-1 (Groundball, 34, EV 107.5 MPH)
Batting: RHB Brian Landrum 0-0: Called Strike
0-1: Ball
1-1: Swinging Strike
1-2: SINGLE (Groundball, 6D, EV 95.0 MPH)
Batting: RHB Ben Alspach 0-0: 2-RUN HOME RUN (Flyball, 78XD, EV 104.4 MPH), Distance : 404 ft
Batting: RHB Jeff Cornett 0-0: Called Strike
0-1: Ground out 5-3 (Groundball, 56S, EV 86.9 MPH)
Batting: RHB Tyler Badillo 0-0: Called Strike
0-1: Called Strike
0-2: Foul Ball, location: 2F
0-2: Strikes out swinging
Bottom of the 7th over - 2 runs, 2 hits, 0 errors, 0 left on base; Binghamton 4 - Wisconsin 12
TOP OF THE 8TH
Binghamton Mets batting - Pitching for Wisconsin Timber Rattlers : LHP Willis Escobedo
Batting: RHB Gang-sheng Chew 0-0: Called Strike
0-1: Foul Ball, location: 2F
0-2: Foul Ball, location: 2F
0-2: Strikes out swinging
Batting: RHB David Stayton 0-0: Ball
1-0: Ball
2-0: Ball
3-0: Base on Balls
Pitching: LHP Tom Barone
Batting: LHB Mike Condon 0-0: Called Strike
0-1: Ball
1-1: Ball
Wild Pitch!
David Stayton to second
2-1: Foul Ball, location: 2F
2-2: Fly out, F4 (Line Drive, 4, EV 70.6 MPH)
Batting: SHB Jerry Burrows 0-0: Ground out 6-3 (Groundball, 56, EV 100.6 MPH)
Top of the 8th over - 0 runs, 0 hits, 0 errors, 1 left on base; Binghamton 4 - Wisconsin 12
BOTTOM OF THE 8TH
Wisconsin Timber Rattlers batting - Pitching for Binghamton Mets : RHP Iwao Machida
Batting: RHB Jamie Youngs 0-0: Ball
1-0: Called Strike
1-1: Ball
2-1: Swinging Strike
2-2: Ball
3-2: Base on Balls
Pitching: RHP Francis Cornick
Batting: RHB Carlos Salazar 0-0: Ball
1-0: Ball
2-0: Foul Ball, location: 2F
2-1: Swinging Strike
2-2: Ball
3-2: SINGLE (Line Drive, 3D, EV 96.2 MPH)
Jamie Youngs to second
Batting: RHB Joe LaDue 0-0: Ball
1-0: Foul Ball, location: 2F
1-1: Ball
2-1: Ball
3-1: Called Strike
3-2: Strikes out swinging
Batting: LHB Gabe Harvey 0-0: Foul Ball, location: 2F
0-1: Swinging Strike
0-2: Ball
1-2: Ball
2-2: Foul Ball, location: 2F
2-2: Strikes out swinging
Batting: RHB Nick Garland 0-0: Fielders Choice at 2nd, 6-4 (Groundball, 6, EV 104.4 MPH)
Bottom of the 8th over - 0 runs, 1 hit, 0 errors, 2 left on base; Binghamton 4 - Wisconsin 12
TOP OF THE 9TH
Binghamton Mets batting - Pitching for Wisconsin Timber Rattlers : LHP Tom Barone
Batting: RHB Tetsuhiro Taki 0-0: Called Strike
0-1: Foul Ball, location: 2F
0-2: Strikes out swinging
Batting: RHB Ben Herman 0-0: DOUBLE (Line Drive, 3D, EV 108.8 MPH)
Batting: RHB Bobby Mabrey 0-0: Called Strike
0-1: Called Strike
0-2: Strikes out looking
Batting: RHB Pete Isley 0-0: Called Strike
0-1: Foul Ball, location: 2F
0-2: Hit by Pitch
Batting: SHB Julio Ramos 0-0: Foul Ball, location: 2F
0-1: Foul Ball, location: 2F
0-2: Foul Ball, location: 2F
0-2: Foul Ball, location: 2F
0-2: Ball
1-2: Foul Ball, location: 2F
1-2: Ball
2-2: Ball
3-2: Strikes out swinging
Top of the 9th over - 0 runs, 1 hit, 0 errors, 2 left on base; Binghamton 4 - Wisconsin 12
Wednesday, June 22nd , 2022 - OOTP Baseball 23.4 Build 64